 Dungeon Crawl Stone Soup version 0.28.0-43-g3370ac3207 (webtiles) character file.

Game seed: 10145406395263919613

57 funkygono the Firebug (level 4, -3/24 HPs)
             Began as a Gargoyle Fire Elementalist on Mar 4, 2022.
             Slain by Sigmund
             ... wielding a +0 scythe
              (9 damage)
             ... on level 3 of the Dungeon.
             The game lasted 00:03:09 (2357 turns).

funkygono the Firebug (Gargoyle Fire Elementalist)  Turns: 2357, Time: 00:03:10

Health: -3/24      AC:  8    Str: 11    XL:     4   Next: 0%
Magic:  1/7        EV: 11    Int: 18    God:
Gold:   136        SH:  0    Dex: 10    Spells: 2/8 levels left

rFire   . . .      SeeInvis .   d - +0 club
rCold   + . .      Faith    .   (no shield)
rNeg    + . .      Spirit   .   j - +1 leather armour {rC+}
rPois   ∞          Reflect  .   (no helmet)
rElec   +          Harm     .   (no cloak)
rCorr   .          Rampage  .   (no gloves)
Will    .....                   n - +0 pair of boots
Stlth   ++........              (no amulet)
HPRegen 0.08/turn               (no ring)
MPRegen 0.10/turn               (no ring)

@: no status effects
A: sickness immunity, AC +3, negative energy resistance 1, electricity
resistance, torment resistance 1, petrification resistance
a: no special abilities


You were on level 3 of the Dungeon.
You visited 1 branch of the dungeon, and saw 3 of its levels.

You collected 136 gold pieces.

Inventory:

Hand Weapons
 d - a +0 club (weapon)
Missiles
 k - 54 stones
Armour
 a - a +0 robe
 j - a +1 leather armour of cold resistance (worn)
 n - a +0 pair of boots (worn)
Scrolls
 b - a scroll of amnesia {unknown}
 e - 4 scrolls of identify {unknown}
 f - a scroll of magic mapping {unknown}
 h - 2 scrolls of silence {unknown}
 l - a scroll of teleportation {unknown}
 p - a scroll of summoning {unknown}
Potions
 c - 2 potions of resistance {unknown}
 g - a potion of curing {unknown}
 i - 3 potions of attraction {unknown}
 m - a potion of might {unknown}
 o - a potion of haste {unknown}


   Skills:
 + Level 1.8 Dodging
 - Level 2.1 Stealth
 * Level 2.5 Spellcasting
 * Level 1.8 Conjurations
 * Level 3.9 Fire Magic


You had 2 spell levels left.
You knew the following spells:

 Your Spells              Type           Power      Damage    Failure   Level
a - Foxfire               Conj/Fire      48%        2x1d6     7%          1
b - Scorch                Fire           32%        2d6       7%          2
c - Conjure Flame         Conj/Fire      12%        6-21      21%         3

Your spell library contained the following spells:

 Spells                   Type           Power      Damage    Failure   Level
 Inner Flame              Hex/Fire       9%         N/A       30%         3
 Flame Wave               Conj/Fire      12%        2d6       56%         4


Dungeon Overview and Level Annotations

Branches:
Dungeon (3/15)

Altars:
Ru

Shops:
D:1 *[!

Annotations:
D:3 Sigmund


Innate Abilities, Weirdness & Mutations

You are immune to sickness and miasma.
Your stone body is resilient. (AC +3)
You are immune to poison.
You resist negative energy. (rN+)
You are resistant to electric shocks. (rElec)
You are resistant to unholy torment.
You are immune to petrification.


Message History

Sigmund casts a spell at you.
You are confused.
You're too confused to cast spells.
Sorry, you're not good enough to have a special ability.
Unknown command.
The foxfire hits Sigmund.
Sigmund is heavily wounded.
The foxfire hits Sigmund.
Sigmund is heavily wounded.
Sigmund hits you from afar with a +0 scythe.
Unknown command.
Sigmund drinks a potion.
Sigmund is healed!
Sigmund casts a spell.
Sigmund flickers and vanishes!
Deactivating autopickup; reactivate with Ctrl-A.
You hit the bush but do no damage.
You feel less confused. Something hits you.
You hit the bush but do no damage.
A magic dart appears from out of thin air!
The magic dart hits you.
Casting: Foxfire (safe; 7% risk of failure)
Confirm with . or Enter, or press ? or * to list all spells.
You conjure some foxfire!
Something hits you!
* * * LOW HITPOINT WARNING * * *
Casting: Foxfire (safe; 7% risk of failure)
Confirm with . or Enter, or press ? or * to list all spells.
You conjure some foxfire!
The foxfire hits something but does no damage.
The foxfire hits something.
Casting: Foxfire (safe; 7% risk of failure)
Confirm with . or Enter, or press ? or * to list all spells.
You conjure some foxfire!
The foxfire hits something.
Something hits you but does no damage.
Unknown command.
The foxfire hits something. x2
Casting: Foxfire (safe; 7% risk of failure)
Confirm with . or Enter, or press ? or * to list all spells.
You conjure some foxfire!
Something hits you!
You die...

.....................
######.#.#.......###
##'#+####....# ......
#....# ...... #....#
......######.########
....................+
.......#####.########
.......#####@#
...........vv######
....................
..≈≈≈≈?.PPPP.._..PPP
....................
...#.#..............
.. #+#+#####+#######
.


There were no monsters in sight!

Vanquished Creatures
  An adder (D:2)
  A worm (D:2)
  2 dart slugs
  3 endoplasms
  4 goblins
  3 hobgoblins (D:1)
  3 jackals (D:2)
  2 quokkas (D:2)
  5 ball pythons
  7 bats
  2 frilled lizards
  4 kobolds
  5 rats
42 creatures vanquished.

Vanquished Creatures (collateral kills)
  2 foxfires (D:3)
2 creatures vanquished.

Vanquished Creatures (others)
  99 foxfires
99 creatures vanquished.

Grand Total: 143 creatures vanquished

Notes
Turn   | Place    | Note
-------+----------+-------------------------------------------
     0 | D:1      | funkygono the Gargoyle Fire Elementalist began the quest
                  | for the Orb.
     0 | D:1      | Reached XP level 1. HP: 10/10 MP: 3/3
    60 | D:1      | Found Linap's Distillery.
   220 | D:1      | Reached XP level 2. HP: 15/15 MP: 1/5
   263 | D:1      | Learned a level 2 spell: Scorch
   290 | D:1      | Found Wotaalon's Antique Armour Emporium.
   754 | D:1      | Found Kiposuis's Assorted Antiques.
   798 | D:1      | Found a faded altar of an unknown god.
  1276 | D:2      | Reached XP level 3. HP: 19/19 MP: 1/6
  1280 | D:2      | Learned a level 3 spell: Conjure Flame
  2256 | D:3      | Reached XP level 4. HP: 24/24 MP: 1/7
  2333 | D:3      | Found a sacrificial altar of Ru.
  2338 | D:3      | Noticed Sigmund
  2357 | D:3      | Slain by Sigmund

Illustrated notes

Levels and vault maps discovered:
D:1:      dpeg_arrival_rhombus, layout_basic,
          hellmonk_ecumenical_altar_lost_god, serial_shops, shop,
          nicolae_shop_overgrown_old_shop, shop
D:2:      layout_loops_cross
D:3:      layout_basic, mainiacjoe_overflow_boulevard, uniq_sigmund,
          uniq_crazy_yiuf_cottage

Action                   |  1- 3 |  4- 6 || total
-------------------------+-------+-------++-------
Melee: Club              |     3 |     2 ||     5
 Cast: Foxfire           |    56 |     8 ||    64
       Scorch            |     6 |       ||     6
Armor: Leather armour    |     4 |     1 ||     5
Dodge: Dodged            |     8 |       ||     8
